 Dungeon Crawl Stone Soup version 0.22.1-1-ga44c0e56f4 (webtiles) character file.

18 Ivernyr the Magician (level 2, 0/22 HPs)
             Began as a Naga Wizard on Oct 26, 2018.
             Slain by a kobold (1 damage)
             ... on level 1 of the Dungeon.
             The game lasted 00:07:03 (507 turns).

Ivernyr the Magician (Naga Wizard)                   Turns: 507, Time: 00:07:03

Health: 0/22       AC:  2    Str:  9    XL:     2   Next: 70%
Magic:  3/6        EV: 10    Int: 18    God:
Gold:   26         SH:  0    Dex:  9    Spells: 4/7 levels left

rFire    . . .     SeeInvis +   (no weapon)
rCold    . . .     Gourm    .   (no shield)
rNeg     . . .     Faith    .   a - +0 robe
rPois    +         Spirit   .   b - +0 hat
rElec    .         Reflect  .   (no cloak)
rCorr    .         Harm     .   g - +0 pair of gloves
MR       .....                  (no barding)
Stlth    ++........             (no amulet)
HPRegen  0.07/turn              (no ring)
MPRegen  0.10/turn              (no ring)

@: very slow
A: large, see invisible, deformed body, poison resistance, slowness 2, slow
metabolism 1, spit poison 1, AC +0
a: Spit Poison


You were on level 1 of the Dungeon.
You were not hungry.

You visited 1 branch of the dungeon, and saw 1 of its levels.

You collected 26 gold pieces.

Inventory:

Armour
 a - a +0 robe (worn)
 b - a +0 hat (worn)
 g - a +0 pair of gloves (worn)
Scrolls
 c - a scroll of amnesia {unknown}
 e - a scroll of immolation {unknown}
 f - a scroll of fear {unknown}
 h - a scroll of magic mapping {unknown}
 j - a scroll of enchant armour {unknown}
Potions
 i - a potion of brilliance {unknown}
 k - a potion of cancellation {unknown}
Comestibles
 d - 4 rations


   Skills:
 - Level 1.5 Dodging
 - Level 3.0 Stealth
 + Level 3.4 Spellcasting
 + Level 1.9 Conjurations
   Level 1.0 Summonings
 - Level 1.0 Translocations


You had 4 spell levels left.
You knew the following spells:

 Your Spells              Type           Power        Failure   Level  Hunger
a - Magic Dart            Conj           ##..         7%          1    None
b - Blink                 Tloc           N/A          16%         2    ##.....

Your spell library contained the following spells:

 Spells                   Type           Power        Failure   Level  Hunger
 Call Imp                 Summ           #.......     16%         2    ##.....
 Slow                     Hex            #.......     24%         2    ##.....
 Conjure Flame            Conj/Fire      #.......     32%         3    ###....
 Mephitic Cloud           Conj/Pois/Air  #.......     34%         3    ###....


Dungeon Overview and Level Annotations

Branches:
Dungeon (1/15)

Altars:


Innate Abilities, Weirdness & Mutations

You cannot wear boots.
Your serpentine skin is tough. (AC +0)
You have supernaturally acute eyesight. (SInv)
Armour fits poorly on your strangely shaped body.
Your system is resistant to poisons. (rPois)
You cover ground very slowly.
You have a slow metabolism.
You can spit poison.


Message History

The goblin shouts!
You hit the hobgoblin.
The hobgoblin is lightly wounded.
The hobgoblin hits you.
* * * LOW HITPOINT WARNING * * *
Your magical contamination has completely faded away.
You hit the hobgoblin.
The hobgoblin is moderately wounded.
The hobgoblin completely misses you.
You barely miss the hobgoblin.
The hobgoblin is moderately wounded.
The kobold closely misses you. The hobgoblin barely misses you.
You barely miss the hobgoblin.
The hobgoblin is moderately wounded.
The kobold closely misses you.
The hobgoblin hits you but does no damage.
You barely miss the hobgoblin.
The hobgoblin is moderately wounded.
The kobold hits you.
You die...

#.....# . #.....# #.. #.
#.....# ########....
##.##..... ##...........
.........###........#...
#........##............
#..g.K..##..........#
#....g@.##..........# #
#.#..#...#..........# #
#....†..............###
#..#..###..#............
.. #.. ##..........###.
# ... .............#..
...... ##.............#
...... #.............#
.... ..............#


You could see a hobgoblin, a goblin and a kobold.

Vanquished Creatures
  An ooze (D:1)
  A giant cockroach (D:1)
  3 goblins (D:1)
  3 hobgoblins (D:1)
  2 bats (D:1)
  3 frilled lizards (D:1)
13 creatures vanquished.

Notes
Turn   | Place    | Note
-------+----------+-------------------------------------------
     0 | D:1      | Ivernyr the Naga Wizard began the quest for the Orb.
     0 | D:1      | Reached XP level 1. HP: 15/15 MP: 4/4
   231 | D:1      | Reached XP level 2. HP: 22/22 MP: 4/6
   235 | D:1      | Learned a level 2 spell: Blink
   503 | D:1      | HP: 1/22 [hobgoblin (3)]
   507 | D:1      | Slain by a kobold

Action                   || total
-------------------------++-------
Melee: Unarmed           ||    31
 Cast: Magic Dart        ||    22
 Abil: Spit Poison       ||     5
Armor: Robe              ||     9
Dodge: Dodged            ||    25
